 Dungeon Crawl Stone Soup version 0.19-a0-1532-g228a5d9 (webtiles) character file.

27 Leszczynek the Cudgeler (level 3, -2/32 HPs)
             Began as an Ogre Necromancer on Sept 13, 2016.
             Slain by an orc (3 damage)
             ... on level 4 of the Dungeon.
             The game lasted 00:05:22 (1047 turns).

Leszczynek the Cudgeler (Ogre Necromancer)          Turns: 1047, Time: 00:05:22

Health: -2/32      AC:  3    Str: 19    XL:     3   Next: 10%
Magic:  6/6        EV: 10    Int: 14    God:
Gold:   82         SH:  0    Dex: 10    Spells: 2 memorised, 4 levels left

rFire  . . .     SeeInvis .     a - +1 mace
rCold  . . .     Gourm    .     k - +0 robe
rNeg   . . .     Faith    .     (no shield)
rPois  .         Spirit   .     (helmet restricted)
rElec  .         Dismiss  .     (no cloak)
rCorr  .         Reflect  .     (gloves unavailable)
MR     .....     Harm     .     (boots unavailable)
Stlth  +.........               (no amulet)
                                (no ring)
                                (no ring)

@: mighty
A: unfitting armour, tough skin 1
a: no special abilities


You were on level 4 of the Dungeon.
You were hungry.

You visited 1 branch of the dungeon, and saw 4 of its levels.

You collected 82 gold pieces.

Inventory:

Hand Weapons
 a - a +1 mace (weapon)
 c - a +0 club
 o - a +0 whip
Missiles
 i - 2 needles of confusion
Armour
 k - a +0 robe (worn)
Scrolls
 f - 4 scrolls of identify
 m - a scroll of random uselessness
Books
 b - a book of Necromancy

   Spells                             Type                      Level
   a - Pain                           Necromancy                   1
   b - Animate Skeleton               Necromancy                   1
   c - Vampiric Draining              Necromancy                   3
   d - Regeneration                   Charms/Necromancy            3
   e - Animate Dead                   Necromancy                   4
   f - Control Undead                 Necromancy                   4
Comestibles
 d - a bread ration
 j - 4 chunks of flesh
 n - a meat ration


   Skills:
 - Level 0.3 Fighting
 + Level 3.4 Maces & Flails
 - Level 1.7 Dodging
 - Level 1.5 Stealth
 - Level 2.4 Spellcasting
 - Level 2.9 Necromancy


You had 4 spell levels left.
You knew the following spells:

 Your Spells              Type           Power        Failure   Level  Hunger
a - Pain                  Necr           ##..         10%         1    #......
b - Animate Skeleton      Necr           N/A          10%         1    #......


Dungeon Overview and Level Annotations

Branches:
Dungeon (4/15)
 Temple: D:4-7

Altars:
Fedhas
Makhleb
Uskayaw


Innate Abilities, Weirdness & Mutations

You are too large for most types of armour.
You have tough skin. (AC +1)


Message History

Your +0 mace glows red for a moment.
The orc closely misses you. The orc hits you but does no damage.
The orc hits you with a hand axe!
* * * LOW HITPOINT WARNING * * *
The orc wizard closely misses you. The orc hits you with a mace.
* * * LOW HITPOINT WARNING * * *
Unknown command.
Unknown command.
It was a potion of curing.
You feel better. The orc hits you. The orc hits you but does no damage.
Something hits you.
* * * LOW HITPOINT WARNING * * *
The orc hits you but does no damage.
The orc wizard hits you but does no damage.
Unknown command.
Something hits you.
* * * LOW HITPOINT WARNING * * *
Unknown command.
It was a potion of might.
You feel very mighty all of a sudden. The orc hits you.
You die...

##....... .. #.Z.....
..#############
#..##.#.
..............#
##.##.#.
..............#
#.##.#.
..............#
#.##.#.
.......o[o....#
#.##.#.
......oo.o....#
#.##.#.
.......@ooo.........#
#.
...#########........#
#. #.........
#.......#..
........#..#
.!......#..<
........#+#.#


You could see an orc wizard and 7 orcs.

Vanquished Creatures
  2 dart slugs
  An orc (D:4)
  A giant cockroach (D:2)
  4 goblins
  A hobgoblin (D:2)
  A bat (D:1)
  3 giant newts
  6 kobolds
  3 rats
22 creatures vanquished.

Notes
Turn   | Place    | Note
-------+----------+-------------------------------------------
     0 | D:1      | Leszczynek the Ogre Necromancer began the quest for the Orb.
     0 | D:1      | Reached XP level 1. HP: 16/16 MP: 3/3
     2 | D:1      | Learned a level 1 spell: Animate Skeleton
   242 | D:1      | Reached skill level 1 in Maces & Flails
   427 | D:1      | Reached skill level 2 in Maces & Flails
   427 | D:1      | Reached XP level 2. HP: 13/26 MP: 0/5
   726 | D:2      | Found a faded altar of an unknown god.
   783 | D:3      | Reached skill level 3 in Maces & Flails
   902 | D:3      | Found a burning altar of Makhleb.
   902 | D:3      | Noticed a crimson imp
   939 | D:4      | Found a hide-covered altar of Uskayaw.
   956 | D:4      | Reached XP level 3. HP: 29/32 MP: 1/6
   996 | D:4      | Found a blossoming altar of Fedhas.
  1046 | D:4      | HP: 1/32 [something (6)]
  1047 | D:4      | Slain by an orc

Vault maps used:
D:1:      dpeg_arrival_renting
D:2:      kennysheep_six_static_rooms, ecumenical_altar_1, uniq_sigmund,
          uniq_crazy_yiuf_cottage, uniq_iyjb
D:3:      grunt_temple_overflow_lords_of_destruction,
          nicolae_overflow_hidden_temple, overflow_temple_1_default,
          uniq_terence
D:4:      kennysheep_little_box, kennysheep_mini_moat, fedhas_altar_1,
          overflow_temple_1_default, st_stairs_6, kennysheep_generic_room_13

Skill      XL: |  1  2 |
---------------+-------+-----
Maces & Flails | 2 3 |  3.4
Fighting       | |  0.3
Dodging        | |  1.7
Stealth        | |  1.5
Spellcasting   | |  2.4
Necromancy     | |  2.9

Action                   || total
-------------------------++-------
Melee: Club              ||    22
       Whip              ||    27
       Mace              ||     4
 Cast: Pain              ||    33
       Animate Skeleton  ||     3
  Use: Scroll            ||     3
       Potion            ||     2
 Stab: Sleeping          ||     1
  Eat: Chunk             ||     1
Armor: Robe              ||    19
Dodge: Dodged            ||    31
